[Event "*** Titled Tuesday Blitz"]
[Site "Chess.com"]
[Date "2018.04.03"]
[Round "3"]
[White "DrVitman"]
[Black "fancyknightmaneuvers"]
[Result "1/2-1/2"]
[WhiteElo "2526"]
[BlackElo "2520"]
[TimeControl "180+2"]
[EndTime "13:37:18 PDT"]
[Termination "Game drawn - insufficient material"]

1. d4 d5 2. Nf3 Nf6 3. Bf4 c5 4.
e3 Nc6 5. c3 Qb6 6. Qb3 c4 7. Qc2 Bf5 8. Qc1 e6 9. h3 h6 10. Nbd2 Qa5 11. Be2 b5 12. a3 Be7 13.
Ne5 Nxe5 14. Bxe5 O-O 15. g4 Bg6 16. h4 Nd7 17. Bg3 Qb6 18. h5 Bh7 19. f4 a5 20. Bh4 Bxh4+ 21. Rxh4 b4 22. g5 Rfb8 23. Rg4 hxg5 24. Rxg5 Kh8 25. axb4 axb4 26. Rxa8 Rxa8 27. Kf2 bxc3 28. bxc3 Ra2 29. h6 gxh6 30. Rh5 Kg7 31. e4 Nf6 32. Qg1+ Bg6 33. Rxh6 Rxd2 34. f5 Qb2 35.
Rxg6+ fxg6 36. Qxg6+ Kf8 37. Qxf6+ Ke8 38. Qxe6+ Kf8 39.
exd5 Qxc3 40. Qf6+ Ke8 41. d6 Qxd4+ 42. Qxd4 Rxd4 43. Ke3 Rh4 44. f6 c3 45. Bb5+ Kd8 46.
f7 Rh8 47. Kd3 Rf8 48. Be8 Rxe8 49. fxe8=Q+ Kxe8 50.
Kxc3 Kd7 51. Kd4 Kxd6 1/2-1/2

[Event "*** Titled Tuesday Blitz"]
[Site "Chess.com"]
[Date "2018.04.03"]
[Round "3"]
[White "Alexander_Moskalenko"]
[Black "Zkid"]
[Result "0-1"]
[WhiteElo "2703"]
[BlackElo "2653"]
[TimeControl "180+2"]
[EndTime "13:37:21 PDT"]
[Termination "Zkid won by resignation"]

1. d4 d5 2. Nf3 Nf6 3. Bf4 c5 4. e3 Nc6 5. c3 Qb6 6. Qc1 Bf5 7. Be2 e6 8. O-O Be7 9. Nbd2 O-O 10. Ne5 Rac8 11. h3 cxd4 12. Nxc6 bxc6 13. exd4 c5 14. Nb3 cxd4 15. Nxd4 Bg6 16. Be3 Qb7 17. f4 Be4 18. Rf2 Nd7 19. Bf1 Nc5 20. Qd1 Rb8 21. Rc1 Rfc8 22. f5 e5 23. Nf3 f6 24. g4 Rd8 25. b4 Nd7 26. Nd2 Nb6 27. Nxe4 dxe4 28. Qb3+ Kh8 29. c4 Rbc8 30. a3 Nd7 31. Qa4 a5 32. c5 Nb8 33. b5 Qd5 34. Bc4 Qa8 35.
c6 Bd6 36. Be6 Rc7 37. Rfc2 Re8 38. Qxe4 Bxa3 39. b6 Rxc6 40. Rxc6 Bxc1 41. Rc8 Bxe3+ 42. Kf1 Qa6+ 43. Qc4 Rxc8 44. Qxa6 Rc1+ 45. Ke2 Nxa6 46.
Kxe3 Rb1 47. Bc4 Nc5 48. b7 Rxb7 49. Bd5 Rb4 50. Kd2 a4 51. Kc3 Rb8 52. Kc4 Nd7 53. Be6 a3 54. Bxd7 a2 55. Kd5 a1=Q 56. Ke6 Qa6+ 0-1

[Event "*** Titled Tuesday Blitz"]
[Site "Chess.com"]
[Date "2018.04.03"]
[Round "3"]
[White "AdrianaNikolova"]
[Black "Gattass"]
[Result "0-1"]
[WhiteElo "2352"]
[BlackElo "2207"]
[TimeControl "180+2"]
[EndTime "13:37:22 PDT"]
[Termination "Gattass won by resignation"]

1. e4 c5 2. Nf3 d6 3. d4 cxd4 4. Nxd4 Nf6 5. Nc3 a6 6. Bg5 e6 7. f4 Be7 8. Qf3 h6 9. Bxf6 Bxf6 10. O-O-O Qb6 11. Nb3 Qc7 12. f5 Nc6 13. fxe6 Bxe6 14. Nd5 Bxd5 15. exd5 Ne5 16. Qf2 O-O 17. Kb1 a5 18.
Nd4 a4 19. a3 Qc5 20. Be2 b5 21. Rhf1 b4 22. Nc6 Qxf2 23. Rxf2 bxa3 24. bxa3 Nd7 25. c4 Rfe8 26. Kc2 Nc5 27. Bd3 Re3 28. Nb4 Rb8 29.
Rf3 Rxf3 30. gxf3 Re8 31. Rd2 Re3 32. Re2 Rxe2+ 33. Bxe2 Be5 34. h3 g5 35. Nc6 Bf6 36. Kd2 Kg7 37. Kc2 Kg6 38. Na7 Kf5 39. Nb5 Be5 40. Nc7 Kf4 41. Nb5 Kg3 42. Nc3 Kxh3 43. Ne4 Nxe4 44. fxe4 g4 45. Kd3 g3 46. Bf3 g2 47. Bxg2+ Kxg2 48. c5 dxc5 49. Kc4 h5 50.
Kxc5 h4 51. d6 h3 52. d7 Bf6 53. e5 Bd8 0-1

[Event "*** Titled Tuesday Blitz"]
[Site "Chess.com"]
[Date "2018.04.03"]
[Round "3"]
[White "AndrewDGreen"]
[Black "chegueps"]
[Result "0-1"]
[WhiteElo "2131"]
[BlackElo "2268"]
[TimeControl "180+2"]
[EndTime "13:37:23 PDT"]
[Termination "chegueps won by resignation"]

1. d4 d6 2. e4 Nf6 3. Nc3 e5 4. Nf3 Nbd7 5. Bc4 Be7 6. O-O O-O 7. a4 c6 8. h3 a5 9. Ba2 exd4 10. Qxd4 Nc5 11.
Bf4 Be6 12. Bg3 Bxa2 13. Nxa2 d5 14. exd5 Nxd5 15. c3 Ne6 16. Qd2 Nc5 17. Nc1 Ne4 18.
Qd3 Nxg3 19. fxg3 Bd6 20. Nd4 Bc5 21. Ne2 Re8 22. Kh2 Re3 23. Qf5 Qc7 24. Nf4 Rf8 25. Rae1 g6 26. Qg4 Rfe8 27. Nxd5 cxd5 28. Rxe3 Rxe3 29.
Nb5 Qd8 30. Rf3 Re4 31. Rf4 Re1 32. h4 h5 33. Qf3 Qd7 34. Nd4 Bd6 35. Qxd5 Qe7 36.
Nf3 Bxf4 37. gxf4 Re4 38. f5 Rg4 39. fxg6 Rxg6 40. Qxh5 Qd6+ 41. Kh1 Qd1+ 42. Kh2 Qe2 43. Ng5 Qxh5 0-1

[Event "*** Titled Tuesday Blitz"]
[Site "Chess.com"]
[Date "2018.04.03"]
[Round "3"]
[White "GMHess"]
[Black "Federer999"]
[Result "1/2-1/2"]
[WhiteElo "2505"]
[BlackElo "2672"]
[TimeControl "180+2"]
[EndTime "13:37:24 PDT"]
[Termination "Game drawn by agreement"]

1. d4 Nf6 2. c4 e6 3. Nc3 Bb4 4. Qc2 Bxc3+ 5. Qxc3 d5 6. Nf3 O-O 7. Bg5 dxc4 8. Qxc4 b6 9. Rc1 c6 10. Ne5 Ba6 11.
Nxc6 Bxc4 12. Nxd8 Bd5 13. Nxf7 Kxf7 14. f3 h6 15. Rc7+ Kg6 16. Bxf6 gxf6 17. e4 Bc6 18. Bc4 Rf7 19. Rxf7 Kxf7 20. Kd2 Ke7 21. Rc1 Kd6 22. Ke3 Bb7 23. f4 Nd7 24. e5+ Ke7 25. Bb5 Rc8 26. Rxc8 Bxc8 27. g4 Bb7 28. h4 Nb8 29. Bd3 Bd5 30. a3 a5 31. Bb5 Nc6 32. Bxc6 Bxc6 33. f5 Bg2 34. Kf4 Bf1 35. g5 hxg5+ 36. hxg5 fxg5+ 37. Kxg5 exf5 38. Kxf5 Bd3+ 39. Kf4 Ke6 40. Ke3 Bh7 41. Kd2 Kd5 42. Kc3 Bg8 43. a4 Be6 44. b4 Bd7 45. bxa5 bxa5 46. Kb2 Kxd4 47. Ka1 Kxe5 48.
Kb2 Kd4 49. Ka1 Kc4 50. Kb2 Kb4 51. Ka1 1/2-1/2

[Event "*** Titled Tuesday Blitz"]
[Site "Chess.com"]
[Date "2018.04.03"]
[Round "3"]
[White "SergeiAza"]
[Black "pultineviciuspaulius"]
[Result "1-0"]
[WhiteElo "2676"]
[BlackElo "2606"]
[TimeControl "180+2"]
[EndTime "13:37:24 PDT"]
[Termination "SergeiAza won by resignation"]

1. e4 e5 2. Nf3 Nc6 3. Bb5 a6 4. Ba4 Nf6 5. O-O Be7 6. Re1 b5 7.
Bb3 d6 8. c3 O-O 9. h3 Na5 10.
Bc2 c5 11. d4 Nd7 12. d5 Nb6 13. Nbd2 g6 14. Nf1 f5 15. exf5 gxf5 16. b3 Bf6 17. Bd2 e4 18. N3h2 Nxd5 19. c4 Ne7 20. Ng3 b4 21. Nh5 Ng6 22. Nxf6+ Qxf6 23. a3 Nc6 24. axb4 cxb4 25. Nf1 Be6 26. Ng3 a5 27. Nh5 Qe7 28. Bc1 Nce5 29. Re3 Bd7 30. Rg3 Bc6 31. Bg5 Qe6 32. Nf4 Nxf4 33. Bxf4+ Ng6 34. h4 Kh8 35. Bxd6 Rad8 36. c5 f4 37. Rg5 e3 38. Qd4+ Rf6 39.
Bxg6 exf2+ 40. Qxf2 Rxg6 41. Rxg6 Qxg6 42. Re1 Be4 43. Qd4+ Kg8 44. Qxe4 Qxe4 45. Rxe4 Rd7 46. Rxf4 Rb7 47. c6 Rb6 48. c7 Rc6 49. Rc4 Rxc4 50. bxc4 1-0

[Event "*** Titled Tuesday Blitz"]
[Site "Chess.com"]
[Date "2018.04.03"]
[Round "3"]
[White "Kangoroo3000"]
[Black "Noukii"]
[Result "1-0"]
[WhiteElo "2410"]
[BlackElo "2604"]
[TimeControl "180+2"]
[EndTime "13:37:24 PDT"]
[Termination "Kangoroo3000 won by resignation"]

1. d4 d5 2. c4 c6 3. Nf3 Nf6 4. e3 a6 5. Nc3 e6 6. Bd3 dxc4 7.
Bxc4 b5 8. Bb3 c5 9. O-O Bb7 10. dxc5 Bxc5 11. Qxd8+ Kxd8 12. a4 b4 13. Ne2 a5 14. Bc4 Nbd7 15. b3 Ke7 16. Bb2 Nb6 17. Bb5 Bd5 18. Ned4 Rac8 19. Rac1 Nbd7 20. Rfd1 Rc7 21.
Bc4 Bxd4 22. Nxd4 Bxc4 23. Nb5 Rc6 24. bxc4 Nc5 25. Be5 Ne8 26. f3 f6 27. Bd4 Nd7 28. Na7 Rc7 29. Nb5 Rc8 30. c5 Nb8 31. Na7 Rc7 32. c6 e5 33. Bb6 Ke6 34. Bxc7 Nxc7 35.
Nb5 Rc8 36. Rd6+ Ke7 37. Rcd1 Ne6 38. c7 Nxc7 39. Na7 Re8 40. Rb6 Nba6 41. Nc6+ Kf7 42. Nxa5 Re6 43. Rb7 Kg6 44. Rc1 Nd5 45. Kf2 e4 46. f4 h5 47. Nc6 Nc3 48. f5+ Kxf5 49.
Nd4+ Ke5 50. Nxe6 Kxe6 51. Rb6+ Kd5 52. Rxa6 1-0

[Event "*** Titled Tuesday Blitz"]
[Site "Chess.com"]
[Date "2018.04.03"]
[Round "3"]
[White "a_kandil"]
[Black "andante"]
[Result "1-0"]
[WhiteElo "2305"]
[BlackElo "2181"]
[TimeControl "180+2"]
[EndTime "13:37:24 PDT"]
[Termination "a_kandil won by resignation"]

1. e4 c5 2. Nf3 d6 3. d4 cxd4 4. Nxd4 Nf6 5. Nc3 a6 6. f3 e5 7. Nb3 Be7 8. Be3 O-O 9. Qd2 Nc6 10. O-O-O a5 11. a4 Be6 12. Bb5 Nb4 13. Kb1 Rc8 14.
g4 Qc7 15. h4 Rfd8 16. g5 Nh5 17. Qf2 Qb8 18. Bb6 d5 19. Bxd8 Rxd8 20. Nxd5 Nxd5 21. exd5 Bxd5 22. Nxa5 Nf4 23. Nc4 Rc8 24. Nb6 Bc5 25. Nxc8 Bxf2 26. Ne7+ Kf8 27. Nxd5 Ne6 28. Rd2 Bg3 29.
Rg2 Qd8 30. Rxg3 Qxd5 31. Re1 Nd4 32. f4 e4 33. Rge3 Nf3 34. R1e2 f5 35. gxf6 gxf6 36. Kc1 f5 37. Rc3 Qd4 38. Rg2 Ke7 39. Rc7+ Kd6 40. Rd7+ Kc5 41. Rxd4 Kxd4 42. c3+ Ke3 43. Re2+ Kxf4 44.
Bd7 e3 45. Kc2 Ne5 46. Bxf5 Kxf5 47. Rxe3 Ng6 48. h5 Nf4 49. Re7 h6 50. Rxb7 1-0

[Event "*** Titled Tuesday Blitz"]
[Site "Chess.com"]
[Date "2018.04.03"]
[Round "3"]
[White "DACF2905"]
[Black "gemarin"]
[Result "0-1"]
[WhiteElo "2037"]
[BlackElo "1882"]
[TimeControl "180+2"]
[EndTime "13:37:27 PDT"]
[Termination "gemarin won by checkmate"]

1. e4 c5 2. Nf3 Nc6 3. d4 cxd4 4. Nxd4 Nf6 5. Nc3 d6 6. Bg5 Qa5 7. Bxf6 gxf6 8. Bb5 Bd7 9. Nxc6 bxc6 10. Bc4 Rb8 11.
Bb3 Qg5 12. g3 a5 13. f4 Qg4 14. Qxg4 Bxg4 15. f5 Bh3 16. Kf2 h5 17. Ne2 h4 18.
a4 Rb4 19. Nf4 Bg4 20. Rhe1 Bh6 21. Nd3 hxg3+ 22. hxg3 Rd4 23. Nf4 Rd2+ 24. Ke3 Rh2 25. Kd3 Bxf4 26. gxf4 d5 27. exd5 cxd5 28. Kd4 Bxf5 29.
Kc5 e6 30. Rac1 Kd7 31. Kb5 Ra8 32. Kb6 Rhh8 33. Rg1 Rhc8 34. Rg7 Ke7 35. Re1 d4 36. Rd1 Rd8 37. Re1 Rd6+ 38. Kc5 Rc8+ 39. Kb5 Ra8 40. Kc5 Bh3 41. Rd1 Bf5 42. Rg3 Be4 43. Re1 f5 44. c3 dxc3 45. Rxc3 Rb8 46.
Rec1 f6 47. Bc4 e5 48. fxe5 fxe5 49. b3 Rc6# 0-1

[Event "*** Titled Tuesday Blitz"]
[Site "Chess.com"]
[Date "2018.04.03"]
[Round "3"]
[White "Man-Chuk"]
[Black "TigranLPetrosyan"]
[Result "0-1"]
[WhiteElo "2666"]
[BlackElo "2673"]
[TimeControl "180+2"]
[EndTime "13:37:28 PDT"]
[Termination "TigranLPetrosyan won on time"]

1. d4 g6 2. e4 Bg7 3. Nc3 a6 4. f4 b5 5. a3 Bb7 6. Nf3 d6 7. Bd3 Nd7 8. O-O c5 9. dxc5 Nxc5 10. Be3 Rc8 11. Qe1 Nf6 12. Bd4 O-O 13. Rd1 Ne6 14.
Be3 Qc7 15. f5 Nc5 16. Qh4 Ncd7 17. Bh6 Ne5 18. Nxe5 dxe5 19. Be3 Rfd8 20. h3 Nh5 21. Qf2 Rd6 22. fxg6 fxg6 23. Nd5 Bxd5 24. exd5 Rf6 25. Qh4 Nf4 26. Rde1 Nxd3 27. cxd3 Qd7 28. Qe4 Rd8 29. Bg5 Rf5 30. Bh4 Qxd5 31. Bxe7 Qxd3 32. Bxd8 Rxf1+ 33. Kh2 Qxe4 34. Rxe4 Kf7 35. a4 Rd1 36. Bb6 Ke6 37. axb5 axb5 38. Rb4 Rd5 39. Be3 Bf8 40. Rh4 h5 41. Bg5 Kf5 42. Bc1 Be7 43. g4+ Ke4 44.
g5+ Kf3 0-1

[Event "*** Titled Tuesday Blitz"]
[Site "Chess.com"]
[Date "2018.04.03"]
[Round "3"]
[White "temiksmozg"]
[Black "ShimanovAlex"]
[Result "1-0"]
[WhiteElo "2526"]
[BlackElo "2707"]
[TimeControl "180+2"]
[EndTime "13:37:29 PDT"]
[Termination "temiksmozg won on time"]

1. d4 Nf6 2. c4 g6 3. Nc3 Bg7 4.
e4 d6 5. Nf3 O-O 6. Be2 Na6 7.
O-O e5 8. Re1 c6 9. Bf1 exd4 10.
Nxd4 Ng4 11. h3 Qb6 12. hxg4 Qxd4 13. Qxd4 Bxd4 14. Rd1 Be5 15. f3 Nc5 16. Be3 a5 17.
Rd2 a4 18. Rc1 Be6 19. Nd1 Rfb8 20. Nf2 a3 21. b4 Nb3 22. axb3 a2 23. f4 Bg7 24. Rxd6 a1=Q 25. Rxa1 Rxa1 26. f5 Bf8 27. Rd3 Bxb4 28. fxe6 fxe6 29. e5 Rf8 30. Bh6 Rfa8 31. Ne4 Be7 32. Rd7 Re1 33. Rxe7 Rxe4 34. Rg7+ Kh8 35.
Rxb7 Rxg4 36. b4 Re4 37. Bg5 Kg8 38. b5 cxb5 39. cxb5 Ra1 40. Bh6 Ree1 41. Rg7+ Kf8 42. Ra7+ Ke8 43. Rxa1 Rxa1 44. b6 Rb1 45. Be3 Kd7 46.
Kf2 Rb4 47. Be2 Rb2 48. Kf3 Kc6 49. Bd3 Kb7 50. Be4+ Kb8 51. b7 Rb5 52. Bg5 Rb3+ 53. Kf4 Rxb7 54. Bxb7 Kxb7 55. Bf6 h6 56. Bg7 1-0

[Event "*** Titled Tuesday Blitz"]
[Site "Chess.com"]
[Date "2018.04.03"]
[Round "3"]
[White "Eliwood44"]
[Black "FMAntonio"]
[Result "0-1"]
[WhiteElo "2230"]
[BlackElo "2380"]
[TimeControl "180+2"]
[EndTime "13:37:29 PDT"]
[Termination "FMAntonio won by resignation"]

1. d4 Nf6 2. Nf3 e6 3. e3 c5 4. Bd3 b6 5. O-O Bb7 6. c4 Be7 7. Nc3 O-O 8. d5 exd5 9. cxd5 d6 10. e4 Nbd7 11. h3 Rb8 12. Re1 a6 13. a4 Qc7 14.
Bf4 c4 15. Bf1 Ne5 16. Nd4 Nfd7 17. Bg3 Rfe8 18. Rc1 Nc5 19. Bxe5 dxe5 20. Nf5 Bg5 21. Rc2 Nb3 22. Qg4 Bf6 23. d6 Qc5 24. Nd5 Bxd5 25. exd5 b5 26. axb5 axb5 27. Rc3 Nd4 28. Nxg7 Bxg7 29.
Rg3 Nf5 30. Qxf5 Qxd6 31. Re4 Kh8 32. Rh4 h6 33. Qxf7 Re7 34. Qf5 Rf8 35. Qe4 Qf6 36. Rhg4 Qxf2+ 37. Kh2 Qxf1 38. d6 Ref7 39. Qg6 Qf6 40. Qh5 Kh7 41. Rg6 Qf4 42. Rg4 Qf5 43. Qh4 Bf6 44. Qxh6+ Kxh6 0-1

[Event "*** Titled Tuesday Blitz"]
[Site "Chess.com"]
[Date "2018.04.03"]
[Round "3"]
[White "djano"]
[Black "FitnessBen"]
[Result "1-0"]
[WhiteElo "2443"]
[BlackElo "2492"]
[TimeControl "180+2"]
[EndTime "13:37:36 PDT"]
[Termination "djano won by resignation"]

1. d4 Nf6 2. c4 e6 3. g3 d5 4. Bg2 Be7 5. Nf3 O-O 6. O-O dxc4 7. Qa4 a6 8. Qxc4 b5 9. Qc2 Bb7 10. Bg5 Be4 11. Qc1 Nbd7 12. Nbd2 Bd5 13. Nb3 Rc8 14.
Nc5 Nxc5 15. dxc5 c6 16. a4 h6 17. Bf4 Ra8 18. Rd1 Qa5 19. Nd4 bxa4 20. Nxc6 Bxc6 21. Bxc6 Rac8 22. Rxa4 Qxc5 23. Qxc5 Bxc5 24. Rxa6 Ng4 25. e3 e5 26. Bd7 Rcd8 27. Bxg4 Rxd1+ 28. Bxd1 exf4 29. gxf4 Rb8 30. b3 Bb4 31. Kg2 g6 32. Be2 Kg7 33. Bc4 Rb7 34. e4 g5 35. fxg5 hxg5 36. Kf3 Rd7 37.
Kg4 f6 38. f3 Bc5 39. e5 fxe5 40. Kxg5 Be3+ 41. Kf5 Bf4 42. Rg6+ Kh7 43. Rg4 Rd8 44. Kf6 Rf8+ 45. Bf7 Rb8 46. Rh4+ Bh6 47. Bg6+ Kg8 48.
Rxh6 Rb6+ 49. Kg5 Rxb3 50. Be4 Rb2 51. Kf5 Kg7 52. Rh5 Ra2 53. Kxe5 Ra5+ 54. Bd5 Kg6 55. Rh3 Kg5 56. f4+ Kg4 57. Rg3+ Kh4 58. Rg8 Ra7 59. f5 Kh5 60. f6 Kh6 61. f7 Re7+ 62. Kf6 1-0

[Event "*** Titled Tuesday Blitz"]
[Site "Chess.com"]
[Date "2018.04.03"]
[Round "3"]
[White "Vadim_Biliy"]
[Black "SamCopeland"]
[Result "0-1"]
[WhiteElo "2123"]
[BlackElo "2024"]
[TimeControl "180+2"]
[EndTime "13:37:38 PDT"]
[Termination "SamCopeland won by checkmate"]

1. d4 f5 2. Nc3 Nf6 3. Bg5 e6 4. e4 fxe4 5. Nxe4 Be7 6. Nxf6+ Bxf6 7. Bxf6 Qxf6 8. Qh5+ Qf7 9. Qxf7+ Kxf7 10. f4 b6 11. Be2 Bb7 12. Bf3 Bxf3 13. Nxf3 Nc6 14. Ne5+ Nxe5 15.
fxe5 Kg6 16. Rf1 Rhf8 17. Ke2 Rxf1 18. Rxf1 Rc8 19. c4 c5 20. Kd3 cxd4 21. Kxd4 Rc5 22. b4 Rc7 23. Rf8 h5 24. h4 Kh7 25. a4 Kg6 26. c5 bxc5+ 27. bxc5 Rb7 28. Kc4 a5 29. Rd8 Kf7 30. c6 dxc6 31. Kc5 Rb4 32. Rd7+ Kg6 33. Kd6 Rxa4 34. Kxe6 Rxh4 35. Rc7 Rg4 36. Rxc6 Rxg2 37. Ke7+ Kf5 38. e6 Re2 39. Rc5+ Kg4 40. Rxa5 h4 41.
Kf7 h3 42. e7 g5 43. Kf6 Rxe7 44. Rxg5+ Kf4 45. Rh5 Re3 46. Rh4+ Kg3 47. Rh8 h2 48.
Kf5 Kg2 49. Kf4 Rf3+ 50. Kg4 Ra3 51. Rb8 Ra4+ 52. Kg5 h1=Q 53. Rb2+ Kf3 54. Rb3+ Ke4 55. Rg3 Ra5+ 56. Kg6 Qh5+ 57. Kg7 Ra7+ 58. Kf6 Qf5# 0-1

[Event "*** Titled Tuesday Blitz"]
[Site "Chess.com"]
[Date "2018.04.03"]
[Round "3"]
[White "JSPrepz"]
[Black "FMJoseHerrera"]
[Result "0-1"]
[WhiteElo "2577"]
[BlackElo "2485"]
[TimeControl "180+2"]
[EndTime "13:37:43 PDT"]
[Termination "FMJoseHerrera won by checkmate"]

1. e4 c5 2. Nf3 e6 3. g3 b6 4. Bg2 Bb7 5. Qe2 Qc7 6. O-O d6 7. c3 Nf6 8. d3 Be7 9. Nbd2 Nbd7 10. d4 O-O 11. Re1 e5 12. d5 a5 13. c4 a4 14.
h3 Ne8 15. Nb1 g6 16. Nc3 Ng7 17. Bh6 a3 18. Nb5 Qd8 19. Nxa3 Ra4 20. Nb5 f5 21. Nc3 Ra8 22. b3 f4 23. g4 Rf7 24. Bxg7 Kxg7 25.
a3 Bc8 26. Nb5 Nf8 27. b4 Kh8 28. bxc5 bxc5 29. Nd2 Ra4 30. Nc3 Ra8 31. a4 g5 32.
a5 Ng6 33. Nf3 Rxa5 34. Nb5 Ba6 35. Na7 Bb7 36. Qb2 Bf8 37. Nxg5 Qxg5 38. Rxa5 f3 39.
Rb5 Ba6 40. Rb6 Bxc4 41. Rb7 Rxb7 42. Qxb7 fxg2 43. Qf7 Qf4 44. Qf5 Nh4 45. Qxf4 exf4 46. Rb1 Bf1 47. Rb3 c4 48. Ra3 c3 49. Rxc3 Bg7 50.
Ra3 Bd4 51. Nc6 Be3 52. Ra8+ Kg7 53. fxe3 Nf3+ 54. Kf2 g1=Q+ 55. Kxf3 Qxe3# 0-1

[Event "*** Titled Tuesday Blitz"]
[Site "Chess.com"]
[Date "2018.04.03"]
[Round "3"]
[White "OparinGrigoriy"]
[Black "TheLancer"]
[Result "0-1"]
[WhiteElo "2822"]
[BlackElo "2443"]
[TimeControl "180+2"]
[EndTime "13:37:48 PDT"]
[Termination "TheLancer won by resignation"]

1. e4 c5 2. Nf3 g6 3. Nc3 Bg7 4. Bc4 Nc6 5. d3 e6 6. O-O Nge7 7. a4 O-O 8. Bb3 d5 9. Bg5 h6 10. Bh4 g5 11. Bg3 f5 12. exf5 exf5 13. h3 f4 14.
Bh2 Be6 15. Re1 Bf7 16. Kh1 Nf5 17. Qd2 Nfd4 18. Nxd4 Nxd4 19. Ba2 Qd7 20. Rab1 f3 21.
g4 a5 22. Bg3 Rae8 23. Re3 h5 24. Rxe8 Rxe8 25. Qxg5 hxg4 26. Nxd5 Kf8 27. Nf6 Qe7 28.
Nh7+ Kg8 29. Qxe7 Rxe7 30. Bxf7+ Kxf7 31. Ng5+ Kg6 32. Ne4 b6 33. c3 Ne2 34. Bh2 c4 35.
Nd2 cxd3 36. hxg4 Bh6 37. Nxf3 d2 38. Rd1 Rf7 39. Kg2 Nf4+ 40. Bxf4 Bxf4 41. Nd4 Re7 42. Kf3 Re1 43. Rxd2 Bxd2 44. Kg3 Rb1 45. f4 Rxb2 46. Kf3 Bxc3 47. f5+ Kf6 48. Ne6 Be5 49. Nf8 Rb3+ 50. Ke2 Rb4 51. Nd7+ Ke7 0-1

[Event "*** Titled Tuesday Blitz"]
[Site "Chess.com"]
[Date "2018.04.03"]
[Round "3"]
[White "Jospem"]
[Black "KNVB"]
[Result "0-1"]
[WhiteElo "2745"]
[BlackElo "2587"]
[TimeControl "180+2"]
[EndTime "13:37:54 PDT"]
[Termination "KNVB won by checkmate"]

1. e4 c5 2. Nf3 e6 3. d4 cxd4 4. Nxd4 Nc6 5. Nc3 Qc7 6. Be3 a6 7. Qf3 b5 8. O-O-O Bb7 9. Nxc6 Qxc6 10. Bd3 Nf6 11. Rhe1 b4 12. Nd5 Nxd5 13. exd5 Qxd5 14. Qf4 Bd6 15. Qg4 f5 16. Qxg7 Be5 17. Be4 Qxd1+ 18. Rxd1 Bxg7 19. Bxb7 Rb8 20. Bxa6 d5 21. Bd3 Kf7 22. f3 h5 23. g3 Be5 24. Re1 Bf6 25.
Kb1 Rhg8 26. Bf4 Rbe8 27. Bd6 Be7 28. Be5 Rd8 29. Bc7 Rd7 30. Bb6 Rb7 31. Bf2 Bf6 32.
f4 h4 33. Be2 hxg3 34. hxg3 Rh8 35. Bd3 Rh2 36. Bc5 Rg2 37. Rh1 Rxg3 38. a3 bxa3 39.
Bxa3 Rg4 40. b4 Rxf4 41. b5 Ra4 42. Rh7+ Bg7 43. Bd6 Kg6 44. Rxg7+ Kxg7 45. Kb2 Ra5 46. Be5+ Kf7 47. Kc3 Raxb5 48. Kd4 Rb4+ 49. Kc5 Re4 50. Bd6 Rd7 51. Kc6 Rxd6+ 52. Kxd6 Re3 53. Kc5 Rxd3 54.
cxd3 Kf6 55. d4 f4 56. Kd6 f3 57. Kd7 f2 58. Kd8 f1=Q 59. Kd7 Qd3 60. Kd8 Qxd4 61.
Kd7 Qa7+ 62. Ke8 Qe7# 0-1

[Event "*** Titled Tuesday Blitz"]
[Site "Chess.com"]
[Date "2018.04.03"]
[Round "3"]
[White "Mykola-Bortnyk"]
[Black "volodja49"]
[Result "1-0"]
[WhiteElo "2703"]
[BlackElo "2418"]
[TimeControl "180+2"]
[EndTime "13:37:55 PDT"]
[Termination "Mykola-Bortnyk won on time"]

1. b3 d5 2. Bb2 c5 3. e3 a6 4.
f4 Nc6 5. Nf3 Bg4 6. h3 Bxf3 7.
Qxf3 Nf6 8. g4 e6 9. g5 Ne4 10.
d3 Nd6 11. Nd2 Nf5 12. a3 h6 13. Rg1 hxg5 14. fxg5 Be7 15. g6 Bh4+ 16. Kd1 Bf6 17.
gxf7+ Kxf7 18. Kc1 Bxb2+ 19. Kxb2 Qf6+ 20. c3 Ne5 21. Qf4 Rh4 22. Qf2 Rah8 23. e4 Ne7 24. Qxc5 Rxh3 25. d4 Rh2 26. Rd1 Qf4 27. Rxg7+ Kxg7 28. Qxe7+ Nf7 29. Kc2 Rxd2+ 30. Rxd2 Qxf1 31. Qxe6 Rh1 32. Qg4+ Kh8 33. c4 Qb1+ 34. Kc3 Qc1+ 35. Kd3 Qb1+ 36.
Kc3 Qc1+ 37. Kd3 Qb1+ 38. Kc3 Qc1+ 39. Rc2 Qe1+ 40. Rd2 Qa1+ 41. Kb4 Qe1 42. Qf4 Rf1 43. Qh2+ Kg7 44. exd5 b6 45. Ka4 Kf8 46. c5 b5+ 47.
Ka5 Rf5 48. Qb8+ Kg7 49. Qh2 Rf6 50. d6 Nxd6 51. cxd6 Qe8 52. Rg2+ Rg6 53. Qe5+ Kg8 54. Qxe8+ 1-0

[Event "*** Titled Tuesday Blitz"]
[Site "Chess.com"]
[Date "2018.04.03"]
[Round "3"]
[White "1random"]
[Black "TST2014"]
[Result "1-0"]
[WhiteElo "2174"]
[BlackElo "2320"]
[TimeControl "180+2"]
[EndTime "13:37:58 PDT"]
[Termination "1random won on time"]

1. Nf3 d6 2. e4 c5 3. d4 cxd4 4. Nxd4 Nf6 5. Nc3 Nc6 6. Bg5 e6 7. Qd2 a6 8. O-O-O Bd7 9. f4 h6 10. Bh4 g5 11. fxg5 Ng4 12. Nf3 hxg5 13. Bxg5 f6 14.
Bf4 e5 15. Nd5 exf4 16. Kb1 Ne3 17. Nxe3 fxe3 18. Qxe3 Qe7 19. Qb6 Be6 20. Nd2 Rh7 21. Nc4 Qc7 22. Qf2 O-O-O 23. Qxf6 Qf7 24. Qc3 Bg7 25.
Nb6+ Kb8 26. Qa3 Nd4 27. c3 Qh5 28. Bxa6 bxa6 29. Qxa6 Qb5 30. Qa8+ Kc7 31. Qa7+ Kc6 32. cxd4 Bxa2+ 33. Kxa2 Qxb6 34. Rc1+ Kb5 35. Qf7 Ka6 36. Qd5 Qa5+ 37. Qxa5+ Kxa5 38. Rc4 Bh6 39. Kb3 Rb7+ 40. Kc2 Rb4 41. b3 Rxc4+ 42. bxc4 Kb4 43. Kd3 Ra8 44.
Rb1+ Ka3 45. Ra1+ Kb2 46. Rxa8 Kc1 47. Rb8 Bf4 48. Rb5 Bxh2 49. c5 dxc5 50. dxc5 Bc7 51.
c6 Bd6 52. Rb7 Be5 53. g4 Bf4 54. g5 1-0

[Event "*** Titled Tuesday Blitz"]
[Site "Chess.com"]
[Date "2018.04.03"]
[Round "3"]
[White "Divertissement"]
[Black "ChessWarrior7197"]
[Result "0-1"]
[WhiteElo "2445"]
[BlackElo "2664"]
[TimeControl "180+2"]
[EndTime "13:37:59 PDT"]
[Termination "ChessWarrior7197 won by resignation"]

1. d4 Nf6 2. Nf3 e6 3. c4 Bb4+ 4. Bd2 a5 5. g3 b6 6. Bg2 Bb7 7. O-O O-O 8. Nc3 Ne4 9. Rc1 Nxd2 10. Qxd2 Be7 11. e4 d6 12. d5 e5 13. Ne1 Nd7 14.
Nd3 Nc5 15. b3 Bc8 16. f4 exf4 17. gxf4 f5 18. Nxc5 bxc5 19. e5 Bd7 20. Rce1 Rb8 21. Rb1 g6 22. a4 Re8 23. Nb5 Bf8 24. Rbe1 Bxb5 25. axb5 Ra8 26. Qc2 Bg7 27. exd6 Rxe1 28. Rxe1 Qxd6 29. Re6 Qxf4 30. d6 Rd8 31. Bd5 Bd4+ 32.
Kg2 Qg4+ 33. Kf1 Kh8 34. dxc7 Qf4+ 35. Kg2 Qxc7 36. Qe2 Qf4 37. Re8+ Rxe8 38. Qxe8+ Kg7 39. Qe7+ Kh6 40. Qf8+ Bg7 41. Qe7 Qg4+ 42. Kf1 Bd4 43. Ke1 Qg1+ 44. Kd2 Qxh2+ 45. Kd3 Qg3+ 46. Kd2 Qc3+ 47.
Ke2 Qc2+ 48. Ke1 Bc3+ 49. Kf1 Qd1+ 50. Kg2 Qg4+ 51. Kf1 Bd4 52. Ke1 f4 53. Qe2 Qg1+ 54. Kd2 Be3+ 55. Kd3 Qb1+ 56. Qc2 Qf1+ 57. Ke4 Qh3 58.
Ke5 f3 59. b6 f2 60. Qd3 f1=Q 0-1

[Event "*** Titled Tuesday Blitz"]
[Site "Chess.com"]
[Date "2018.04.03"]
[Round "3"]
[White "335394862"]
[Black "Caisachess"]
[Result "1/2-1/2"]
[WhiteElo "2300"]
[BlackElo "2214"]
[TimeControl "180+2"]
[EndTime "13:38:00 PDT"]
[Termination "Game drawn by repetition"]

1. e4 e5 2. Nf3 Nc6 3. Bc4 Bc5 4. O-O Nf6 5. d3 d6 6. c3 a6 7. a4 Ba7 8. Na3 O-O 9. Nc2 h6 10. Be3 Be6 11. Bxa7 Rxa7 12. Ne3 Qd7 13. b4 Ne7 14. a5 Ng6 15. Bxe6 fxe6 16. d4 exd4 17. Qxd4 Raa8 18. Rad1 Qc6 19. e5 Nd5 20. Nxd5 exd5 21. Qxd5+ Qxd5 22. Rxd5 dxe5 23. Nxe5 Nxe5 24. Rxe5 Rad8 25.
Re7 Rf7 26. Rxf7 Kxf7 27. Rc1 Rd2 28. Kf1 Ke6 29. Ke1 Rb2 30. Rd1 Rc2 31. Rd3 Ke5 32.
Kf1 Ke6 33. g3 Ke5 34. Kg2 Kf5 35. Kf3 Kf6 36. Re3 h5 37. Kg2 g5 38. h3 Kf5 39. Kf3 g4+ 40. hxg4+ hxg4+ 41. Kg2 Kf6 42. Re4 Kf5 43. Rf4+ Kg5 44. Rc4 c6 45. Rc5+ Kf6 46.
Kf1 Kg6 47. Ke1 Kf6 48. Kf1 Kg6 49. Rc4 Kf5 50. Rf4+ Kg5 51. c4 Rb2 52. c5 Rb3 53. Ke2 Rb1 54. Kd3 Rd1+ 55. Kc3 Rd7 56. Rd4 Rf7 57.
Rd2 Kf5 58. Kd4 Rd7+ 59. Ke3 Re7+ 60. Kd3 Rd7+ 61. Ke2 Re7+ 62. Kd1 Re4 63. Rb2 Rc4 64. Kd2 Ke4 65. Ke2 Rd4 66. Rb3 Rc4 67. Re3+ Kf5 68.
Rb3 Ke4 69. Re3+ Kf5 70. Rb3 Ke4 71. Re3+ 1/2-1/2